 Dungeon Crawl Stone Soup version 0.29-a0-330-g52719c12eb (webtiles) character file.

Game seed: 16894073932253925594

7716 Aelig the Jinx (level 11, -5/61 HPs)
             Began as a Vampire Enchanter on May 19, 2022.
             Was an Initiate of Gozag.
             Slain by a blink frog (9 damage)
             ... on level 2 of the Lair of Beasts.
             The game lasted 00:35:10 (11418 turns).

Aelig the Jinx (Vampire Enchanter)                 Turns: 11418, Time: 00:35:11

Health: -5/61      AC:  6    Str:  7    XL:     11   Next: 0%
Magic:  10/14      EV: 12    Int: 22    God:    Gozag
Gold:   1064       SH:  0    Dex: 15    Spells: 1/14 levels left

rFire   . . .      SeeInvis +   a - +1 dagger (vamp)
rCold   + + .      Faith    .   (no shield)
rNeg    + + +      Spirit   .   e - +0 robe
rPois   ∞          Reflect  .   y - +0 helmet
rElec   .          Harm     .   q - +0 cloak
rCorr   .          Rampage  .   D - +0 pair of gloves
Will    +....                   J - +0 pair of boots
Stlth   +++++++...              j - amulet of magic regeneration
HPRegen 0.00/turn               (no ring)
MPRegen 0.54/turn               (no ring)

@: confusing by touch, gold aura, bloodless, inhibited regen, invisible
A: bloodless, fangs 3, see invisible, vampiric 2
a: Bat Form, Revivify, Renounce Religion, Potion Petition, Call Merchant, Bribe
Branch


You were on level 2 of the Lair of Beasts.
You worshipped Gozag.
Gozag was most pleased with you.
You visited 3 branches of the dungeon, and saw 11 of its levels.

You collected 1514 gold pieces.
You spent 397 gold pieces at shops.
You paid 53 gold pieces to Gozag.

Inventory:

Hand Weapons
 a - a +1 vampiric dagger (weapon)
 b - a +0 rapier
Missiles
 l - 160 stones (quivered)
 v - 3 throwing nets
Armour
 e - a +0 robe (worn)
 q - a +0 cloak (worn)
 y - a +0 helmet (worn)
 D - a +0 pair of gloves (worn)
 J - a +0 pair of boots (worn)
Jewellery
 j - an amulet of magic regeneration (around neck)
Wands
 w - a wand of flame (18)
 z - a wand of polymorph (12)
 C - a wand of paralysis (10)
 G - a wand of acid (4)
Scrolls
 g - 7 scrolls of teleportation
 i - 3 scrolls of immolation
 n - a scroll of enchant weapon {unknown}
 r - a scroll of brand weapon {unknown}
 t - a scroll of torment
 u - 2 scrolls of amnesia
 x - 2 scrolls of vulnerability {unknown}
 A - a scroll of summoning
 E - a scroll of noise {unknown}
 F - 3 scrolls of identify
Potions
 c - 2 potions of invisibility
 d - 3 potions of resistance
 f - 3 potions of mutation {unknown}
 h - 2 potions of might
 k - 3 potions of attraction {unknown}
 m - a potion of heal wounds {unknown}
 o - a potion of brilliance {unknown}
 p - 6 potions of curing
 s - 2 potions of flight {unknown}
 B - a potion of magic {unknown}
 H - a potion of berserk rage {unknown}
 I - a potion of ambrosia {unknown}


   Skills:
 + Level 4.3 Fighting
 - Level 10.0 Short Blades
 - Level 2.1 Dodging
 + Level 12.4 Stealth
 - Level 2.0 Spellcasting
 + Level 14.9 Hexes
 + Level 2.9 Translocations
 - Level 1.5 Transmutations
 - Level 1.3 Earth Magic


You had one spell level left.
You knew the following spells:

 Your Spells              Type           Power      Damage    Failure   Level
a - Ensorcelled Hibernat  Hex/Ice        70%        N/A       1%          2
b - Confusing Touch       Hex            61%        N/A       1%          3
c - Tukima's Dance        Hex            61%        N/A       1%          3
d - Dazzling Flash        Conj/Hex       70%        N/A       1%          3
e - Blink                 Tloc           30%        N/A       6%          2

Your spell library contained the following spells:

 Spells                   Type           Power      Damage    Failure   Level
 Sandblast                Erth           16%        2d6       8%          1
 Passwall                 Tmut/Erth      6%         N/A       12%         2
 Lesser Beckoning         Tloc           15%        N/A       12%         3
 Metabolic Englaciation   Hex/Ice        17%        N/A       19%         5
 Summon Mana Viper        Hex/Summ       35%        N/A       19%         5
 Stone Arrow              Conj/Erth      10%        3d7       30%         3
 Ignite Poison            Fire/Tmut/Pois 4%         N/A       32%         3
 Conjure Flame            Conj/Fire      2%         6-21      38%         3
 Ozocubu's Armour         Ice            2%         N/A       38%         3
 Manifold Assault         Tloc           15%        N/A       75%         5
 Sticky Flame             Conj/Fire      2%         2d3       80%         4
 Summon Forest            Summ/Tloc      4%         N/A       91%         5
 Simulacrum               Ice/Necr       1%         N/A       100%        6
 Summon Cactus Giant      Summ           1%         N/A       100%        6


Dungeon Overview and Level Annotations

Branches:
Dungeon (8/15)             Temple (1/1) D:7            Lair (2/6) D:8
  Swamp: Lair:2-4    Shoals: Lair:2-4     Snake: Lair:2-4    Spider: Lair:2-4

Altars:
Cheibriados
Dithmenos
Gozag
Hepliaklqana
Kikubaaqudgha
Nemelex Xobeh
Wu Jian
Zin
The Shining One
Beogh

Shops:
D:2 ([?(:

Annotations:
D:5 exclusion: gargoyle
D:8 3 runed translucent doors, Gastronok; eyesofgods1's ghost, novice OpFi


Innate Abilities, Weirdness & Mutations

You do not regenerate when monsters are visible.
You are frail without blood (-20% HP).
You can heal yourself when you bite living creatures.
You are immune to poison.
You have razor-sharp teeth.
You have supernaturally acute eyesight. (SInv)
You are afflicted with vampirism and can become a bat while bloodless.


Message History

Press: ? - help, Shift-Dir - straight line, f - blink frog, p - blink frog
Aim: a blink frog (chance to affect: 46%)
The blink frog is unaffected.
The blink frog hits you! The blink frog closely misses you.
Casting: Ensorcelled Hibernation (safe; 1% risk of failure)
Confirm with . or Enter, or press ? or * to list all spells.
Casting: Dazzling Flash (safe; 1% risk of failure)
Press: ? - help, Dir - look around, f - activate The blink frog blinks!
Casting: Dazzling Flash (safe; 1% risk of failure)
Confirm with . or Enter, or press ? or * to list all spells.
Aiming: Ensorcelled Hibernation (safe; 1% risk of failure)
Press: ? - help, Shift-Dir - straight line, f - blink frog
Aim: a blink frog (chance to affect: 46%)
Okay, then.
Casting: Ensorcelled Hibernation (safe; 1% risk of failure)
Confirm with . or Enter, or press ? or * to list all spells.
Your hands begin to glow red.
The blink frog hits you!
* * * LOW HITPOINT WARNING * * *
The blink frog hits you but does no damage.
You barely miss the blink frog. The blink frog hits you!
* * * LOW HITPOINT WARNING * * *
Okay, then.
Unknown command.
Okay, then.
Unknown command.
Casting: Confusing Touch (safe; 1% risk of failure)
Confirm with . or Enter, or press ? or * to list all spells.
Okay, then.
Unknown command.
Unknown command.
Okay, then.
You fade into invisibility!
The blink frog closely misses you. The blink frog closely misses you.
The blink frog is distracted by your dazzling golden aura.
The blink frog gives a loud, deep croak!
The blink frog hits you!
You die...
Your body crumbles into a pile of gold.

#.FP# ##...F....# #...#
#.....Fk# ##..## ###
#+##.# #.'.####.## #....##
#.........# ####.P#
#F...##...# ####..#
#.......#.####.....##
#.##.......##PF.....#
#P##..........#@F......P#
...........###....#.....##
# #P.#.........#######.##
# ####..##+.##.# #.P# #
#.# ..##### #.## #. #..##
###.#.#### # ##....<...# #
. ###P..[.....#


You could see 2 blink frogs.

Vanquished Creatures
  A komodo dragon (Lair:1)
  2 cane toads (Lair:1)
  2 rime drakes (Lair:2)
  Maggie (D:6)
  A troll (D:8)
  Sigmund (D:3)
  A wyvern (D:7)
  A basilisk (Lair:1)
  Grum (D:8)
  11 yaks
  A steam dragon (D:8)
  6 water moccasins
  2 orc warriors
  A black bear (D:5)
  A sky beast (D:7)
  An ogre (D:5)
  2 wolves (D:8)
  3 kobold brigands
  3 bullfrogs
  2 necrophages (D:5)
  3 scorpions
  2 wights (D:7)
  6 killer bees (D:7)
  2 howler monkeys
  2 electric eels (D:8)
  3 jellies
  2 gnoll shamans
  4 orc priests
  10 hounds
  3 iguanas (D:6)
  3 orc wizards
  Ijyb (D:4)
  13 gnolls
  5 adders
  A white imp (D:6)
  An ufetubus (D:6)
  3 dart slugs
  25 orcs
  3 bats
  9 endoplasms
  A giant cockroach (D:1)
  9 goblins
  6 hobgoblins
  5 jackals
  8 kobolds
  3 quokkas
  6 ball pythons
  2 frilled lizards (D:1)
  4 rats
189 creatures vanquished.

Vanquished Creatures (collateral kills)
  A wight (D:7)
  An orc wizard (D:8)
  A gnoll (D:8)
  2 orcs
  2 kobolds (D:8)
7 creatures vanquished.

Vanquished Creatures (others)
  4 dancing weapons
  3 fungi
  4 plants
11 creatures vanquished.

Grand Total: 207 creatures vanquished

Notes
Turn   | Place    | Note
-------+----------+-------------------------------------------
     0 | D:1      | Aelig the Vampire Enchanter began the quest for the Orb.
     0 | D:1      | Reached XP level 1. HP: 13/13 MP: 3/3
   153 | D:1      | Reached XP level 2. HP: 13/19 MP: 5/5
   206 | D:1      | Learned a level 2 spell: Ensorcelled Hibernation
   468 | D:1      | Found a faded altar of an unknown god.
   482 | D:1      | Reached skill level 5 in Hexes
   540 | D:1      | Gained mutation: You are afflicted with vampirism and can
                  | become a bat while bloodless. [Vampire growth]
   540 | D:1      | Reached XP level 3. HP: 24/24 MP: 6/6
   692 | D:1      | Learned a level 3 spell: Confusing Touch
   782 | D:2      | Found Ysunt's Magic Scroll Boutique.
  1258 | D:2      | Found Xoisovia's Antique Armour Shop.
  1276 | D:2      | Found Birghu's Antique Weapon Emporium.
  1515 | D:2      | Found Suememny's Book Shoppe.
  1677 | D:2      | Found Ommul's Weapon Boutique.
  1754 | D:2      | Reached XP level 4. HP: 24/24 MP: 2/7
  2729 | D:3      | Noticed Sigmund
  2825 | D:4      | Noticed an ogre
  2840 | D:4      | Noticed a scorpion
  2980 | D:3      | Reached XP level 5. HP: 11/28 MP: 6/8
  3290 | D:4      | Reached skill level 6 in Hexes
  3302 | D:4      | Noticed Ijyb
  3346 | D:4      | Reached skill level 5 in Short Blades
  3460 | D:4      | Learned a level 3 spell: Tukima's Dance
  3600 | D:4      | Reached XP level 6. HP: 32/32 MP: 6/9
  3603 | D:4      | Found an opulent altar of Gozag.
  3607 | D:4      | Found a snail-covered altar of Cheibriados.
  3615 | D:4      | Found an ancient bone altar of Kikubaaqudgha.
  3620 | D:4      | Found a hazy altar of Hepliaklqana.
  3638 | D:4      | Became a worshipper of Gozag Ym Sagoz the Greedy
  3943 | D:5      | Entered Level 5 of the Dungeon
  4080 | D:5      | Reached skill level 7 in Hexes
  4566 | D:5      | Reached XP level 7. HP: 36/36 MP: 10/10
  5158 | D:5      | Reached skill level 8 in Hexes
  5318 | D:5      | Noticed a gargoyle
  5699 | D:6      | Noticed Maggie
  5700 | D:6      | Found a shadowy altar of Dithmenos.
  5711 | D:6      | Killed Maggie
  5712 | D:6      | Reached XP level 8. HP: 22/41 MP: 11/11
  5851 | D:6      | Reached skill level 9 in Hexes
  5865 | D:6      | Reached skill level 5 in Stealth
  5920 | D:6      | Reached skill level 10 in Short Blades
  5920 | D:6      | Reached skill level 10 in Hexes
  6055 | D:6      | Learned a level 3 spell: Dazzling Flash
  6075 | D:6      | Reached XP level 9. HP: 45/45 MP: 10/12
  6970 | D:2      | Bought a scroll of teleportation for 39 gold pieces
  6970 | D:2      | Bought a scroll of blinking for 97 gold pieces
  6970 | D:2      | Bought a scroll of summoning for 123 gold pieces
  6970 | D:2      | Bought a scroll of identify for 26 gold pieces
  7303 | D:3      | Killed Sigmund
  7304 | D:3      | Reached skill level 11 in Hexes
  7553 | D:4      | Killed Ijyb
  7724 | D:7      | Found a sparkling altar of Nemelex Xobeh.
  7779 | D:7      | Found a staircase to the Ecumenical Temple.
  7792 | Temple   | Entered the Ecumenical Temple
  7816 | D:7      | Found an ornate altar of the Wu Jian Council.
  7984 | D:7      | Reached skill level 12 in Hexes
  8012 | D:7      | Reached skill level 10 in Stealth
  8292 | D:7      | Reached skill level 13 in Hexes
  8320 | D:7      | Reached skill level 1 in Transmutations
  8322 | D:7      | Reached skill level 1 in Earth Magic
  8776 | D:8      | Noticed Grum
  8791 | D:8      | Killed Grum
  8796 | D:8      | Reached skill level 1 in Fighting
  8796 | D:8      | Reached XP level 10. HP: 52/52 MP: 6/13
  9054 | D:8      | Found a staircase to the Lair.
  9122 | D:8      | Reached skill level 14 in Hexes
  9238 | D:8      | Found a runed translucent gate.
  9239 | D:8      | Found a runed translucent gate.
  9245 | D:8      | Found a runed translucent gate.
  9263 | D:8      | Noticed eyesofgods1's ghost (novice OpFi)
  9471 | D:8      | Noticed Gastronok
  9824 | Lair:1   | Entered Level 1 of the Lair of Beasts
  9828 | Lair:1   | Learned a level 2 spell: Blink
  9873 | Lair:1   | Noticed a cane toad
  9890 | Lair:1   | Killed a cane toad
  9891 | Lair:1   | Reached skill level 1 in Translocations
 10270 | Lair:1   | Noticed a cane toad
 10278 | Lair:1   | Killed a cane toad
 10815 | D:2      | Bought a pair of boots for 112 gold pieces
 11392 | Lair:2   | Reached XP level 11. HP: 61/61 MP: 11/14
 11418 | Lair:2   | Slain by a blink frog

Illustrated notes

Levels and vault maps discovered:
D:1:      dpeg_arrival_yet_another_circle, layout_rooms, basic_ecumenical_altar
D:2:      layout_loops_corners, serial_shops, shop, nicolae_shop_hallway_plus,
          shop, shop, nicolae_shop_statue_plus, hangedman_glass_teeth
D:3:      layout_basic, minmay_unequal, uniq_sigmund
D:4:      layout_cave_pools, minmay_overflow_temple_star_hex, uniq_ijyb
D:5:      layout_basic, minivault_4, hangedman_decor_diamond_cutter
D:6:      layout_basic, mainiacjoe_overflow_paths,
          grunt_dithmenos_smoke_and_mirrors, uniq_maggie
D:7:      minmay_skewed_foursquare, layout_cave_pods, nzn_wu_jian_contemplation,
          nemelex_diamond_rough_becter, temple_hall
D:8:      layout_basic, erik_lair_island, biasface_ghost_orc_armoury,
          serial_aquarium, aquarium_bridge_straight [aquarium_subvault_bridge,
          aquarium_subvault_wall, aquarium_subvault_bridge,
          aquarium_subvault_balcony], aquarium_window_fake,
          aquarium_window_corridor_2, aquarium_window_2, aquarium_view_2e,
          aquarium_view_2a, uniq_grum, uniq_gastronok
Temple:   minmay_temple_curvy_loop
Lair:1:   layout_regular_city
Lair:2:   layout_roguey, nicolae_swamp_entry_splash_gauntlet,
          serial_bayou_pond_e, kennysheep_snail_temple

Skill      XL: |  1  2  3  4  5  6  7  8  9 10 |
---------------+-------------------------------+-----
Short Blades   | 2 3 4 5 6 8 10 | 10.0
Hexes          | 5 6 7 8 10 13 14 | 14.9
Stealth        | 7 10 12 | 12.4
Transmutations | 1 |  1.5
Earth Magic    | 1 |  1.3
Fighting       | 1 4 |  4.3
Translocations | 2 |  2.9
Dodging        | |  2.1
Spellcasting   | |  2.0

Action                   |  1- 3 |  4- 6 |  7- 9 | 10-12 || total
-------------------------+-------+-------+-------+-------++-------
Melee: Dagger            |   143 |   107 |   230 |   136 ||   616
       Bite              |    17 |    11 |    36 |    15 ||    79
       Punch             |       |     1 |     4 |       ||     5
Throw: Stone             |       |       |       |     2 ||     2
 Cast: Ensorcelled Hiber |    19 |    22 |    61 |    41 ||   143
       Confusing Touch   |     1 |     5 |    21 |    10 ||    37
       Tukima's Dance    |       |       |    13 |     6 ||    19
       Dazzling Flash    |       |       |     2 |    10 ||    12
 Abil: Exsanguinate      |     2 |       |       |       ||     2
       End Transformatio |       |       |     2 |       ||     2
       Bat Form          |       |       |     2 |       ||     2
Evoke: Wand              |       |       |       |     5 ||     5
  Use: Scroll            |       |     3 |     5 |       ||     8
       Potion            |       |       |       |     1 ||     1
 Stab: Sleeping          |     8 |    30 |    42 |    19 ||    99
       Confused          |     1 |     4 |     9 |    11 ||    25
       Distracted        |       |     1 |     2 |       ||     3
       Invisible         |       |       |       |     9 ||     9
Armor: Robe              |    25 |     6 |    19 |    11 ||    61
Dodge: Dodged            |    72 |    37 |    75 |    53 ||   237

Table legend: (Time is in decaauts)
 A = Elapsed time spent in this place.
 B = Non-inter-level travel time spent in this place.
 C = Inter-level travel time spent in this place.
 D = Time resting spent in this place.
 E = Time spent auto-exploring this place.
 F = Levels seen in this place.
 G = Mean time per level.
                   A        B        C        D        E       F      G
               +--------+--------+--------+--------+--------+-----+--------+
         Total |  11172 |  10139 |   1033 |   1259 |   5650 |  11 | 1015.6 |
       Dungeon |   9890 |   8938 |    952 |   1131 |   4978 |   8 | 1236.2 |
        Temple |      1 |      1 |      0 |      0 |      0 |   1 |    1.0 |
          Lair |   1280 |   1200 |     80 |    128 |    672 |   2 |  640.0 |
               +--------+--------+--------+--------+--------+-----+--------+

Top non-repeatable levels by time:
     D:5: 1834 daAuts
     D:3: 1571 daAuts
     D:2: 1262 daAuts
     D:6: 1234 daAuts
     D:7: 1136 daAuts
     D:4: 1109 daAuts
     D:8: 1058 daAuts
  Lair:1: 815 daAuts
     D:1: 683 daAuts
  Lair:2: 464 daAuts
  Temple: 1 daAuts
